 Dungeon Crawl Stone Soup version 0.28-a0-592-g6fc52098c6 (webtiles) character file.

Game seed: 5952860323820596611

25 MacCMillion the Chiller (level 3, 24/24 HPs)
             Began as a Merfolk Ice Elementalist on Oct 4, 2021.
             Was a Follower of Kikubaaqudgha.
             Quit the game on level 2 of the Dungeon on Oct 5, 2021.
             The game lasted 00:06:50 (1558 turns).

MacCMillion the Chiller (Merfolk Ice Elementalist)  Turns: 1558, Time: 00:06:50

Health: 24/24      AC:  3    Str:  9    XL:     3   Next: 4%
Magic:  6/6        EV: 12    Int: 14    God:    Kikubaaqudgha [*.....]
Gold:   82         SH:  0    Dex: 14    Spells: 5/6 levels left

rFire   . . .      SeeInvis .   c - +0 dagger
rCold   . . .      Faith    .   (no shield)
rNeg    . . .      Spirit   .   a - +0 robe
rPois   .          Reflect  .   (no helmet)
rElec   .          Harm     .   (no cloak)
rCorr   .          Rampage  .   j - +0 pair of gloves
Will    .....                   (no boots)
Stlth   ++........              (no amulet)
HPRegen 0.08/turn               (no ring)
MPRegen 0.10/turn               (no ring)

@: no status effects
A: (nimble swimmer 2), mertail
a: Renounce Religion, Receive Corpses


You were on level 2 of the Dungeon.
You worshipped Kikubaaqudgha.
Kikubaaqudgha was aware of your devotion.
You visited 1 branch of the dungeon, and saw 2 of its levels.

You collected 82 gold pieces.

Inventory:

Hand Weapons
 b - a +0 whip
 c - a +0 dagger (weapon)
 l - a +0 trident
Missiles
 f - 2 boomerangs of dispersal
Armour
 a - a +0 robe (worn)
 j - a +0 pair of gloves (worn)
 m - a +0 leather armour
Scrolls
 d - a scroll of identify {unknown}
 h - a scroll of teleportation {unknown}
 i - 2 scrolls of vulnerability {unknown}
 n - a scroll of fog {unknown}
 p - 3 scrolls of magic mapping {unknown}
Potions
 e - a potion of brilliance {unknown}
 g - a potion of degeneration {unknown}
 k - a potion of haste {unknown}
 o - a potion of ambrosia {unknown}


   Skills:
 + Level 0.2 Short Blades
 + Level 2.8 Dodging
 + Level 2.5 Stealth
 + Level 2.3 Spellcasting
 + Level 4.9 Ice Magic


You had 5 spell levels left.
You knew the following spells:

 Your Spells              Type           Power      Damage    Failure   Level
a - Freeze                Ice            60%        1d8       3%          1

Your spell library contained the following spells:

 Spells                   Type           Power      Damage    Failure   Level
 Frozen Ramparts          Ice            30%        1d5       9%          3
 Ozocubu's Armour         Ice            15%        N/A       9%          3
 Animate Skeleton         Necr           2%         N/A       22%         1
 Pain                     Necr           4%         1d4       22%         1
 Sublimation of Blood     Necr           0%         N/A       34%         2
 Vampiric Draining        Necr           0%         2d6       56%         3
 Hailstorm                Conj/Ice       8%         3d4       63%         4
 Blade Hands              Tmut           0%         N/A       99%         5
 Irradiate                Conj/Tmut      0%         3d14      99%         5
 Dragon Form              Tmut           0%         N/A       100%        7


Dungeon Overview and Level Annotations

Branches:
Dungeon (2/15)

Altars:
Kikubaaqudgha


Innate Abilities, Weirdness & Mutations

((You are quick and stealthy near water. (Stealth+, EV+, Speed+++)))
Your lower body shifts to a powerful aquatic tail in water.


Message History

You barely miss the bat. The bat hits you.
You hit the bat but do no damage. The bat barely misses you.
You hit the bat but do no damage. The bat misses you.
The bat hits you but does no damage. The bat hits you but does no damage.
The bat misses you. The bat barely misses you.
You miss the bat. The bat hits you.
You hit the bat but do no damage. The bat hits you but does no damage.
The bat barely misses you.
You hit the bat.
The bat is severely wounded.
The bat hits you but does no damage.
You hit the bat but do no damage.
The bat is severely wounded.
The bat hits you.
You barely miss the bat.
The bat is severely wounded.
The bat barely misses you.
Unknown command.
You barely miss the bat.
The bat is moderately wounded.
The bat hits you but does no damage. The bat closely misses you.
The bat hits you but does no damage.
You hit the bat.
The bat is severely wounded.
The bat hits you. The bat barely misses you.
You hit the bat.
You kill the bat!
HP restored.
You see here a bat corpse.
p - 3 scrolls labelled RUEHOM CIARETE
There is a faded altar of an unknown god here.
You cannot tell which god this altar belongs to.
Convert to them anyway?
Kikubaaqudgha accepts your prayer! Kikubaaqudgha welcomes you!
You can now receive cadavers from Kikubaaqudgha.
Kikubaaqudgha grants you a gift!
You add the spells Pain, Sublimation of Blood, Animate Skeleton and Vampiric Draining to your library.
Are you sure you want to abandon this character and quit the game? (Confirm with "yes".)

# #...# ........ # #.###
...##### # #.# # # #.# #
# #.# # # #.# #########
# # #.# #.......# # #
#.# #....8..# # ## #.#
#...@...# .
.########.###....8......
#
........†..........#####
# .#........####...### .
##.######.# #..## ##.#
#.# #.... #.# #.# #.####
#.# #.# #.# #.# #.# .#


There were no monsters in sight!

Vanquished Creatures
  4 bats
  An endoplasm (D:2)
  A giant cockroach (D:1)
  2 goblins (D:1)
  4 hobgoblins
  3 kobolds
  2 ball pythons
  3 frilled lizards
  A rat (D:2)
21 creatures vanquished.

Notes
Turn   | Place    | Note
-------+----------+-------------------------------------------
     0 | D:1      | MacCMillion the Merfolk Ice Elementalist began the quest
                  | for the Orb.
     0 | D:1      | Reached XP level 1. HP: 13/13 MP: 3/3
   309 | D:1      | Reached XP level 2. HP: 16/19 MP: 1/5
  1483 | D:2      | Reached XP level 3. HP: 24/24 MP: 6/6
  1501 | D:2      | Found a faded altar of an unknown god.
  1557 | D:2      | Became a worshipper of Kikubaaqudgha
  1557 | D:2      | Reached * piety under Kikubaaqudgha
  1557 | D:2      | Received a gift from Kikubaaqudgha
  1558 | D:2      | Quit the game

Illustrated notes

Levels and vault maps discovered:
D:1:      lightli_iron_boxes, layout_loops_cross, patterned_corridor
D:2:      layout_loops_ring, dreamdust_ecumenical_altar_statues

Action                   || total
-------------------------++-------
Melee: Dagger            ||    21
 Cast: Freeze            ||    27
 Stab: Sleeping          ||     2
Armor: Robe              ||    13
Dodge: Dodged            ||    26

Table legend: (Time is in decaauts)
 A = Elapsed time spent in this place.
 B = Non-inter-level travel time spent in this place.
 C = Inter-level travel time spent in this place.
 D = Time resting spent in this place.
 E = Time spent auto-exploring this place.
 F = Levels seen in this place.
 G = Mean time per level.
                   A        B        C        D        E       F      G
               +--------+--------+--------+--------+--------+-----+--------+
         Total |   1557 |   1507 |     50 |    131 |   1006 |   2 |  778.5 |
       Dungeon |   1557 |   1507 |     50 |    131 |   1006 |   2 |  778.5 |
               +--------+--------+--------+--------+--------+-----+--------+

Top non-repeatable levels by time:
     D:1: 903 daAuts
     D:2: 654 daAuts
